Los Angeles Kings vs Montreal Canadiens
Created - Sunday, February 8, 2026 at 09:19
Goals
|
| Los Angeles Kings |
0 |
0 |
3 |
3 |
| Montreal Canadiens |
1 |
2 |
1 |
4 |
|
Shots
|
| Los Angeles Kings |
5 |
13 |
23 |
41 |
| Montreal Canadiens |
19 |
8 |
12 |
39 |
|
1st period
1. Montreal Canadiens , Patrik Laine 4 (Owen Power 6, Drew O'Connor 3) at 11:13
Penalties :
Adam Fantilli (LAK) for Hooking (Minor) at 11:22, Evander Kane (LAK) for Hooking (Minor) at 19:32
2nd period
2. Montreal Canadiens , Matt Duchene 6 (Juraj Slafkovsky 7, Brad Marchand 10) at 4:48
3. Montreal Canadiens , Brad Marchand 11 (Matt Duchene 8, Josh Manson 4) at 6:43
Penalties :
Josh Manson (MTL) for Hooking (Minor) at 7:33, Josh Manson (MTL) for Hooking (Minor) at 19:26
3rd period
4. Los Angeles Kings , Joseph Veleno 4 (Charlie McAvoy 6, Logan Cooley 7) at 0:18 (PP)
5. Los Angeles Kings , Will Smith 6 (Logan Cooley 8) at 14:15
6. Montreal Canadiens , Macklin Celebrini 9 (Martin Necas 7) at 14:19
7. Los Angeles Kings , Mikey Eyssimont 5 (Cooper Marody 1, Joseph Veleno 4) at 19:13
Penalties :
Juraj Slafkovsky (MTL) for Interference (Minor) at 1:01, Vitali Kravtsov (LAK) for Hooking (Minor) at 16:01
Goalie Stats
Victor Ostman (LAK), 35 saves from 39 shots - (0.897), L, 1-7-1, 59:25 minutes
Lukas Dostal (MTL), 38 saves from 41 shots - (0.927), W, 4-2-0, 60:00 minutes
Players Stats for Los Angeles Kings
Player Name G A P +/- PIM S H SB GA TA FO MP PP MP PK MP
------------------------------------------------------------------------------------
Adam Fantilli 0 0 0 -1 2 0 1 1 0 0 11/22 18:18 2:19 2:01
Alexander Romanov 0 0 0 2 0 4 2 1 0 1 0/0 12:23 0:00 0:00
Andrei Kuzmenko 0 0 0 -1 0 1 0 2 1 0 0/0 16:11 2:16 0:00
Andrei Svechnikov 0 0 0 -1 0 2 3 0 0 0 1/2 18:48 2:19 2:45
Charlie McAvoy 0 1 1 -1 0 2 0 2 0 0 0/0 21:18 2:21 3:19
Cooper Marody 0 1 1 1 0 2 1 0 0 0 0/0 9:20 0:00 0:00
Evander Kane 0 0 0 1 2 0 0 1 1 0 4/11 14:19 0:00 0:00
Jackson Blake 0 0 0 -3 0 3 1 0 1 0 1/1 11:35 0:00 0:00
Jakub Zboril 0 0 0 2 0 0 0 0 0 0 0/0 12:23 0:00 0:00
Jansen Harkins 0 0 0 -3 0 6 4 1 0 0 6/12 16:50 2:23 3:12
Joseph Veleno 1 1 2 1 0 5 1 0 0 0 8/12 12:53 2:26 1:03
K'Andre Miller 0 0 0 -3 0 3 0 0 1 0 0/0 26:19 2:29 2:38
Logan Cooley 0 2 2 1 0 6 1 0 0 0 2/3 19:32 2:31 2:53
MacKenzie Weegar 0 0 0 -3 0 1 2 2 0 0 0/0 26:19 2:29 2:38
Mikey Eyssimont 1 0 1 1 0 3 3 0 1 0 0/0 10:12 0:11 0:00
Ryan Suter 0 0 0 -1 0 0 0 1 0 0 0/0 21:18 2:21 3:19
Vitali Kravtsov 0 0 0 -3 2 0 0 0 0 0 0/0 11:42 0:00 0:00
Will Smith 1 0 1 1 0 3 0 1 0 1 0/0 14:20 0:05 0:00
Players Stats for Montreal Canadiens
Player Name G A P +/- PIM S H SB GA TA FO MP PP MP PK MP
------------------------------------------------------------------------------------
Arttu Hyry 0 0 0 0 0 1 1 0 0 0 0/1 9:06 0:00 0:00
Brad Marchand 1 1 2 1 0 5 1 0 1 0 2/4 19:20 3:13 2:30
Brady Skjei 0 0 0 2 0 4 1 0 0 0 0/0 26:28 2:50 2:36
Damon Severson 0 0 0 1 0 3 0 0 0 2 0/0 20:34 3:07 2:10
Drew O'Connor 0 1 1 0 0 3 2 1 0 0 0/1 14:54 0:00 2:20
Evgeni Dadonov 0 0 0 0 0 1 0 1 0 1 0/0 9:06 0:00 0:00
Ilya Lyubushkin 0 0 0 -1 0 0 0 1 0 1 0/0 13:22 0:00 0:43
Josh Manson 0 1 1 1 4 0 2 2 0 1 0/0 16:14 0:00 1:17
Juraj Slafkovsky 0 1 1 1 2 2 3 1 0 0 0/2 16:28 2:50 0:00
Justin Hryckowian 0 0 0 0 0 0 1 0 0 0 2/5 9:27 0:21 0:00
Lane Hutson 0 0 0 1 0 1 1 0 0 0 0/0 18:21 2:50 0:04
Macklin Celebrini 1 0 1 1 0 6 2 0 0 0 9/16 16:49 2:46 0:00
Martin Necas 0 1 1 1 0 3 3 0 0 0 1/4 16:31 2:44 0:00
Matt Duchene 1 1 2 1 0 3 4 0 0 0 9/10 16:50 3:07 0:00
Owen Power 0 1 1 0 0 1 0 4 0 0 0/0 25:04 3:07 2:50
Patrik Laine 1 0 1 0 0 3 2 0 0 0 0/0 14:34 2:50 0:00
Ryan Poehling 0 0 0 1 0 2 2 0 1 0 2/4 17:05 0:00 2:30
Teddy Blueger 0 0 0 0 0 1 1 0 0 0 5/16 14:54 0:00 2:20
3 Stars
1 - Matt Duchene (MTL)
2 - Brad Marchand (MTL)
3 - Joseph Veleno (LAK)
Power Play
Los Angeles Kings - 1 on 3 Attempt(s) - 33.33%
Montreal Canadiens - 0 on 3 Attempt(s) - 0.00%
Penalty Kill
Los Angeles Kings - 3 on 3 Attempt(s) - 100.00%
- Score 0 goal in Penalty Kill
Montreal Canadiens - 2 on 3 Attempt(s) - 66.67%
- Score 0 goal in Penalty Kill
Team Stat
Los Angeles Kings - Hits : 19 - Faceoff Wins : 33 - Blocked Shots : 12 - Penalty Minutes : 6
Montreal Canadiens - Hits : 26 - Faceoff Wins : 30 - Blocked Shots : 10 - Penalty Minutes : 6
Official
Referees : Dan O'Rourke and Tom Chmielewski
Linesman : Bryan Pancich and Julien Fournier
Game Notes
No Game Note
Finance
Level 1 -- Attendance: 6000 (100.00%) -- Ticket Income $558,000
Level 2 -- Attendance: 4619 (92.38%) -- Ticket Income $244,807
Level 3 -- Attendance: 2736 (91.20%) -- Ticket Income $87,552
Level 4 -- Attendance: 5000 (100.00%) -- Ticket Income $110,000
Luxury Box -- Attendance: 839 (83.90%) -- Ticket Income $163,605
Game was played at the Bell Centre.
Total Attendance: 19194 (95.97%)
Total Ticket Income: $1,163,964
Other Income: $407,387
Total Income: $1,571,351
Los Angeles Kings
5 vs 5 Forward
Center Left Wing Right Wing Time % Phy DF OF
1 Evander Kane Will Smith Logan Cooley 30 1 2 2
2 Adam Fantilli Andrei Svechnikov Andrei Kuzmenko 30 1 2 2
3 Jansen Harkins Vitali Kravtsov Jackson Blake 25 1 2 2
4 Joseph Veleno Mikey Eyssimont Cooper Marody 15 1 2 2
5 vs 5 Defense
Defense Defense Time % Phy DF OF
1 MacKenzie Weegar K'Andre Miller 30 1 2 2
2 Charlie McAvoy Ryan Suter 30 1 2 2
3 Alexander Romanov Jakub Zboril 25 1 2 2
4 MacKenzie Weegar K'Andre Miller 15 1 2 2
PowerPlay Forward
Center Left Wing Right Wing Time % Phy DF OF
1 Joseph Veleno Jansen Harkins Logan Cooley 50 1 2 2
2 Adam Fantilli Andrei Svechnikov Andrei Kuzmenko 50 1 2 2
PowerPlay Defense
Defense Defense Time % Phy DF OF
1 MacKenzie Weegar K'Andre Miller 50 1 2 2
2 Charlie McAvoy Ryan Suter 50 1 2 2
Penalty Kill 4 Players Forward
Center Wing Time % Phy DF OF
1 Adam Fantilli Jansen Harkins 50 1 2 2
2 Logan Cooley Andrei Svechnikov 50 1 2 2
Penalty Kill 4 Players Defense
Defense Defense Time % Phy DF OF
1 MacKenzie Weegar K'Andre Miller 50 1 2 2
2 Charlie McAvoy Ryan Suter 50 1 2 2
Penalty Kill - 3 Players Forward
Forward Time % Phy DF OF
1 Logan Cooley 50 1 2 2
2 Andrei Svechnikov 50 1 2 2
Penalty Kill - 3 Players Defense
Defense Defense Time % Phy DF OF
1 MacKenzie Weegar K'Andre Miller 50 1 2 2
2 Charlie McAvoy Ryan Suter 50 1 2 2
4 vs 4 Forward
Center Wing Time % Phy DF OF
1 Jansen Harkins Adam Fantilli 50 1 2 2
2 Logan Cooley Andrei Svechnikov 50 1 2 2
4 vs 4 Defense
Defense Defense Time % Phy DF OF
1 MacKenzie Weegar K'Andre Miller 50 1 2 2
2 Charlie McAvoy Ryan Suter 50 1 2 2
Last Minutes Offensive
Center Left Wing Right Wing Defense Defense
Evander Kane Will Smith Logan Cooley MacKenzie Weegar K'Andre Miller
Last Minutes Defensive
Center Left Wing Right Wing Defense Defense
Evander Kane Will Smith Logan Cooley MacKenzie Weegar K'Andre Miller
Goaltenders
Starting : Victor Ostman
Backup : Spencer Knight
Extra Forwards
Normal : Mikey Eyssimont, Jansen Harkins, Joseph Veleno - PP : Mikey Eyssimont, Jansen Harkins - PK : Joseph Veleno
Extra Defensemen
Normal : Alexander Romanov, Jakub Zboril, Charlie McAvoy - PP : Alexander Romanov - PK : Jakub Zboril, Charlie McAvoy
Penalty Shots
Joseph Veleno, Jansen Harkins, Logan Cooley, Andrei Svechnikov, Adam Fantilli
Scratches
Seth Jarvis (Healthy), Drew Helleson (Healthy), Carl Lindbom (Healthy)
Montreal Canadiens
5 vs 5 Forward
Center Left Wing Right Wing Time % Phy DF OF
1 Macklin Celebrini Ryan Poehling Martin Necas 30 0 1 4
2 Matt Duchene Brad Marchand Juraj Slafkovsky 30 0 1 4
3 Teddy Blueger Drew O'Connor Patrik Laine 25 1 2 2
4 Justin Hryckowian Evgeni Dadonov Arttu Hyry 15 1 2 2
5 vs 5 Defense
Defense Defense Time % Phy DF OF
1 Josh Manson Lane Hutson 30 1 2 2
2 Brady Skjei Damon Severson 30 1 2 2
3 Ilya Lyubushkin Owen Power 25 1 3 1
4 Brady Skjei Owen Power 15 1 3 1
PowerPlay Forward
Center Left Wing Right Wing Time % Phy DF OF
1 Macklin Celebrini Matt Duchene Brad Marchand 50 0 0 5
2 Martin Necas Juraj Slafkovsky Patrik Laine 50 0 0 5
PowerPlay Defense
Defense Defense Time % Phy DF OF
1 Brady Skjei Lane Hutson 50 0 0 5
2 Owen Power Damon Severson 50 0 0 5
Penalty Kill 4 Players Forward
Center Wing Time % Phy DF OF
1 Ryan Poehling Brad Marchand 50 0 5 0
2 Teddy Blueger Drew O'Connor 50 0 5 0
Penalty Kill 4 Players Defense
Defense Defense Time % Phy DF OF
1 Josh Manson Brady Skjei 50 0 5 0
2 Owen Power Damon Severson 50 0 5 0
Penalty Kill - 3 Players Forward
Forward Time % Phy DF OF
1 Teddy Blueger 50 0 5 0
2 Ryan Poehling 50 0 5 0
Penalty Kill - 3 Players Defense
Defense Defense Time % Phy DF OF
1 Josh Manson Brady Skjei 50 0 5 0
2 Owen Power Damon Severson 50 0 5 0
4 vs 4 Forward
Center Wing Time % Phy DF OF
1 Macklin Celebrini Martin Necas 50 1 2 2
2 Matt Duchene Brad Marchand 50 1 2 2
4 vs 4 Defense
Defense Defense Time % Phy DF OF
1 Lane Hutson Owen Power 50 1 2 2
2 Brady Skjei Damon Severson 50 1 2 2
Last Minutes Offensive
Center Left Wing Right Wing Defense Defense
Macklin Celebrini Matt Duchene Brad Marchand Lane Hutson Owen Power
Last Minutes Defensive
Center Left Wing Right Wing Defense Defense
Teddy Blueger Ryan Poehling Drew O'Connor Brady Skjei Owen Power
Goaltenders
Starting : Lukas Dostal
Backup : Stuart Skinner
Extra Forwards
Normal : Macklin Celebrini, Brad Marchand, Ryan Poehling - PP : Macklin Celebrini, Brad Marchand - PK : Macklin Celebrini
Extra Defensemen
Normal : Brady Skjei, Owen Power, Damon Severson - PP : Lane Hutson - PK : Brady Skjei, Owen Power
Penalty Shots
Patrik Laine, Teddy Blueger, Ryan Poehling, Macklin Celebrini, Arttu Hyry
Scratches
Adam Fox (Bruised Right Arm Injury), Pyotr Kochetkov (Healthy)
% Time on Ice - Los Angeles Kings
Lines # - Real PCT - Wanted PCT - Time Play
Normal Forward
1 - 28% - 30% - 13:48
2 - 28% - 30% - 13:44
3 - 24% - 25% - 11:35
4 - 19% - 15% - 9:20
Normal Defense
1 - 30% - 30% - 14:33
2 - 32% - 30% - 15:38
3 - 26% - 25% - 12:23
4 - 12% - 15% - 5:53
PP Forward
1 - 52% - 50% - 2:31
2 - 48% - 50% - 2:19
PP Defense
1 - 51% - 50% - 2:29
2 - 49% - 50% - 2:21
PK Forward
1 - 54% - 50% - 3:12
2 - 46% - 50% - 2:45
PK Defense
1 - 44% - 50% - 2:38
2 - 56% - 50% - 3:19
PK3 Forward
1 - 0% - 50%
2 - 0% - 50%
PK3 Defense
1 - 0% - 50%
2 - 0% - 50%
44 Forward
1 - 0% - 50%
2 - 0% - 50%
44 Defense
1 - 0% - 50%
2 - 0% - 50%
Last Minute Offensive - 0:46
Last Minute Defensive - 0:00
Total
Forward - 60:00
Defense - 60:00
|
% Time on Ice - Montreal Canadiens
Lines # - Real PCT - Wanted PCT - Time Play
Normal Forward
1 - 29% - 30% - 13:57
2 - 28% - 30% - 13:41
3 - 24% - 25% - 11:43
4 - 19% - 15% - 9:06
Normal Defense
1 - 33% - 30% - 15:46
2 - 31% - 30% - 14:58
3 - 25% - 25% - 11:55
4 - 12% - 15% - 5:48
PP Forward
1 - 52% - 50% - 3:07
2 - 48% - 50% - 2:50
PP Defense
1 - 48% - 50% - 2:50
2 - 52% - 50% - 3:07
PK Forward
1 - 52% - 50% - 2:30
2 - 48% - 50% - 2:20
PK Defense
1 - 55% - 50% - 2:40
2 - 45% - 50% - 2:10
PK3 Forward
1 - 0% - 50%
2 - 0% - 50%
PK3 Defense
1 - 0% - 50%
2 - 0% - 50%
44 Forward
1 - 0% - 50%
2 - 0% - 50%
44 Defense
1 - 0% - 50%
2 - 0% - 50%
Last Minute Offensive - 0:00
Last Minute Defensive - 0:46
Total
Forward - 60:00
Defense - 60:00
|
Play-by-Play
1st period
0:01 of 1st period - Evander Kane wins face-off versus Macklin Celebrini in neutral zone.
0:27 of 1st period - Josh Manson is hit by MacKenzie Weegar.
0:41 of 1st period - Wrist shot by Macklin Celebrini.
0:41 of 1st period - Stopped by Victor Ostman without a rebound.
0:42 of 1st period - Matt Duchene wins face-off versus Adam Fantilli in Los Angeles Kings zone.
1:28 of 1st period - Ryan Suter is hit by Arttu Hyry and loses puck.
2:29 of 1st period - Josh Manson is hit by Alexander Romanov.
2:44 of 1st period - Josh Manson is hit by Cooper Marody.
2:54 of 1st period - K'Andre Miller is hit by Juraj Slafkovsky and loses puck.
3:27 of 1st period - Evgeni Dadonov is hit by Andrei Svechnikov and loses puck.
4:29 of 1st period - Slapshot by Martin Necas.
4:29 of 1st period - Stopped by Victor Ostman with a rebound.
4:31 of 1st period - Wrist shot by Macklin Celebrini.
4:31 of 1st period - Stopped by Victor Ostman with a rebound.
4:33 of 1st period - Snap shot by Ryan Poehling.
4:33 of 1st period - Stopped by Victor Ostman without a rebound.
4:34 of 1st period - Adam Fantilli wins face-off versus Macklin Celebrini in Los Angeles Kings zone.
4:34 of 1st period - Adam Fantilli is hit by Macklin Celebrini.
4:42 of 1st period - Snap shot by Adam Fantilli.
4:42 of 1st period - Shot Misses the Net.
4:54 of 1st period - Snap shot by Martin Necas.
4:54 of 1st period - Stopped by Victor Ostman with a rebound.
4:56 of 1st period - Slapshot by Damon Severson.
4:56 of 1st period - Stopped by Victor Ostman with a rebound.
4:58 of 1st period - Snap shot by Macklin Celebrini.
4:58 of 1st period - Shot Hit the Post.
5:00 of 1st period - Snap shot by Macklin Celebrini.
5:00 of 1st period - Shot Misses the Net.
5:04 of 1st period - Slapshot by Martin Necas.
5:04 of 1st period - Shot Blocked by Andrei Kuzmenko.
5:06 of 1st period - Snap shot by Ryan Poehling.
5:06 of 1st period - Stopped by Victor Ostman with a rebound.
5:30 of 1st period - Wrist shot by Martin Necas.
5:30 of 1st period - Shot Blocked by Ryan Suter.
5:32 of 1st period - Slapshot by Brady Skjei.
5:32 of 1st period - Shot Misses the Net.
5:40 of 1st period - Snap shot by Andrei Svechnikov.
5:40 of 1st period - Stopped by Lukas Dostal without a rebound.
5:41 of 1st period - Jansen Harkins wins face-off versus Teddy Blueger in Montreal Canadiens zone.
5:42 of 1st period - Wrist shot by Jackson Blake.
5:42 of 1st period - Stopped by Lukas Dostal with a rebound.
5:56 of 1st period - Snap shot by Teddy Blueger.
5:56 of 1st period - Shot Misses the Net.
6:30 of 1st period - Snap shot by Cooper Marody.
6:30 of 1st period - Stopped by Lukas Dostal with a rebound.
6:32 of 1st period - Slapshot by Alexander Romanov.
6:32 of 1st period - Stopped by Lukas Dostal with a rebound.
6:50 of 1st period - Snap shot by Patrik Laine.
6:50 of 1st period - Deflect By Drew O'Connor.
6:50 of 1st period - Stopped by Victor Ostman with a rebound.
8:02 of 1st period - Owen Power is hit by Mikey Eyssimont and loses puck.
8:29 of 1st period - Adam Fantilli is hit by Martin Necas and loses puck.
8:49 of 1st period - Will Smith is hit by Josh Manson and loses puck.
9:16 of 1st period - K'Andre Miller is hit by Lane Hutson.
9:43 of 1st period - Snap shot by Martin Necas.
9:43 of 1st period - Shot Misses the Net.
10:06 of 1st period - Mikey Eyssimont is hit by Martin Necas and loses puck.
10:27 of 1st period - Backhand shot by Macklin Celebrini.
10:27 of 1st period - Stopped by Victor Ostman with a rebound.
10:29 of 1st period - Slapshot by Brady Skjei.
10:29 of 1st period - Stopped by Victor Ostman without a rebound.
10:30 of 1st period - Matt Duchene wins face-off versus Evander Kane in Los Angeles Kings zone.
10:31 of 1st period - Wrist shot by Brad Marchand.
10:31 of 1st period - Stopped by Victor Ostman without a rebound.
10:32 of 1st period - Brad Marchand wins face-off versus Evander Kane in Los Angeles Kings zone.
10:37 of 1st period - Wrist shot by Juraj Slafkovsky.
10:37 of 1st period - Shot Misses the Net.
10:39 of 1st period - Snap shot by Brad Marchand.
10:39 of 1st period - Stopped by Victor Ostman without a rebound.
10:40 of 1st period - Matt Duchene wins face-off versus Evander Kane in Los Angeles Kings zone.
10:57 of 1st period - Wrist shot by Juraj Slafkovsky.
10:57 of 1st period - Stopped by Victor Ostman without a rebound.
10:58 of 1st period - Jansen Harkins wins face-off versus Drew O'Connor in Los Angeles Kings zone.
11:05 of 1st period - Slapshot by Patrik Laine.
11:05 of 1st period - Shot Misses the Net.
11:07 of 1st period - Slapshot by Drew O'Connor.
11:07 of 1st period - Shot Blocked by MacKenzie Weegar.
11:09 of 1st period - Backhand shot by Drew O'Connor.
11:09 of 1st period - Stopped by Victor Ostman with a rebound.
11:13 of 1st period - Wrist shot by Patrik Laine.
11:13 of 1st period - Goal by Patrik Laine - Los Angeles Kings : 0 - Montreal Canadiens : 1.
11:14 of 1st period - Matt Duchene wins face-off versus Andrei Svechnikov in neutral zone.
11:22 of 1st period - Minor Penalty to Adam Fantilli for Hooking.
11:23 of 1st period - Brad Marchand wins face-off versus Joseph Veleno in Los Angeles Kings zone.
12:39 of 1st period - Icing by Brady Skjei.
12:40 of 1st period - Macklin Celebrini wins face-off versus Joseph Veleno in Montreal Canadiens zone.
13:22 of 1st period - Penalty to Adam Fantilli is over, Adam Fantilli is back on ice.
14:15 of 1st period - Jackson Blake is hit by Matt Duchene and loses puck.
14:52 of 1st period - Snap shot by Patrik Laine.
14:52 of 1st period - Stopped by Victor Ostman without a rebound.
14:53 of 1st period - Teddy Blueger wins face-off versus Evander Kane in Los Angeles Kings zone.
15:18 of 1st period - Wrist shot by Matt Duchene.
15:18 of 1st period - Shot Misses the Net.
15:20 of 1st period - Slapshot by Brady Skjei.
15:20 of 1st period - Stopped by Victor Ostman without a rebound.
15:21 of 1st period - Matt Duchene wins face-off versus Jansen Harkins in Los Angeles Kings zone.
15:22 of 1st period - Snap shot by Juraj Slafkovsky.
15:22 of 1st period - Shot Misses the Net.
16:40 of 1st period - Wrist shot by Evgeni Dadonov.
16:40 of 1st period - Shot Blocked by MacKenzie Weegar.
16:52 of 1st period - Owen Power is hit by Jansen Harkins and loses puck.
17:14 of 1st period - Snap shot by Drew O'Connor.
17:14 of 1st period - Stopped by Victor Ostman without a rebound.
17:15 of 1st period - Adam Fantilli wins face-off versus Teddy Blueger in Los Angeles Kings zone.
17:47 of 1st period - Wrist shot by Brad Marchand.
17:47 of 1st period - Shot Blocked by Will Smith.
17:49 of 1st period - Snap shot by Juraj Slafkovsky.
17:49 of 1st period - Shot Misses the Net.
17:51 of 1st period - Snap shot by Brad Marchand.
17:51 of 1st period - Stopped by Victor Ostman with a rebound.
18:01 of 1st period - Wrist shot by Jackson Blake.
18:01 of 1st period - Stopped by Lukas Dostal without a rebound.
18:02 of 1st period - Jansen Harkins wins face-off versus Macklin Celebrini in Montreal Canadiens zone.
19:32 of 1st period - Minor Penalty to Evander Kane for Hooking.
19:33 of 1st period - Justin Hryckowian wins face-off versus Adam Fantilli in Los Angeles Kings zone.
19:49 of 1st period - Jansen Harkins is hit by Justin Hryckowian and loses puck.
Goals for this period are 0 for Los Angeles Kings vs 1 for Montreal Canadiens.
Shots for this period are 5 for Los Angeles Kings vs 19 for Montreal Canadiens.
2nd period
0:01 of 2nd period - Logan Cooley wins face-off versus Martin Necas in neutral zone.
0:57 of 2nd period - Brad Marchand is hit by Jansen Harkins.
1:23 of 2nd period - Charlie McAvoy is hit by Matt Duchene and loses puck.
1:32 of 2nd period - Penalty to Evander Kane is over, Evander Kane is back on ice.
1:38 of 2nd period - Snap shot by Evander Kane.
1:38 of 2nd period - Deflect By Jansen Harkins.
1:38 of 2nd period - Stopped by Lukas Dostal without a rebound.
1:39 of 2nd period - Justin Hryckowian wins face-off versus Joseph Veleno in Montreal Canadiens zone.
1:44 of 2nd period - Backhand shot by Lane Hutson.
1:44 of 2nd period - Shot Misses the Net.
2:29 of 2nd period - Lane Hutson is hit by Alexander Romanov and loses puck.
3:44 of 2nd period - Snap shot by Matt Duchene.
3:44 of 2nd period - Stopped by Victor Ostman without a rebound.
3:45 of 2nd period - Matt Duchene wins face-off versus Adam Fantilli in Los Angeles Kings zone.
4:30 of 2nd period - Slapshot by Matt Duchene.
4:30 of 2nd period - Shot Blocked by Charlie McAvoy.
4:48 of 2nd period - Snap shot by Matt Duchene.
4:48 of 2nd period - Goal by Matt Duchene - Los Angeles Kings : 0 - Montreal Canadiens : 2.
4:49 of 2nd period - Teddy Blueger wins face-off versus Jansen Harkins in neutral zone.
6:00 of 2nd period - Wrist shot by Patrik Laine.
6:00 of 2nd period - Stopped by Victor Ostman with a rebound.
6:02 of 2nd period - Snap shot by Teddy Blueger.
6:02 of 2nd period - Shot Blocked by Jansen Harkins.
6:04 of 2nd period - Slapshot by Damon Severson.
6:04 of 2nd period - Stopped by Victor Ostman without a rebound.
6:05 of 2nd period - Adam Fantilli wins face-off versus Teddy Blueger in Los Angeles Kings zone.
6:05 of 2nd period - Adam Fantilli is hit by Drew O'Connor.
6:43 of 2nd period - Snap shot by Brad Marchand.
6:43 of 2nd period - Goal by Brad Marchand - Los Angeles Kings : 0 - Montreal Canadiens : 3.
6:44 of 2nd period - Matt Duchene wins face-off versus Adam Fantilli in neutral zone.
6:53 of 2nd period - Ryan Suter is hit by Juraj Slafkovsky and loses puck.
7:33 of 2nd period - Minor Penalty to Josh Manson for Hooking.
7:34 of 2nd period - Ryan Poehling wins face-off versus Joseph Veleno in Montreal Canadiens zone.
7:44 of 2nd period - Snap shot by Jansen Harkins.
7:44 of 2nd period - Deflect By Logan Cooley.
7:44 of 2nd period - Stopped by Lukas Dostal with a rebound.
8:00 of 2nd period - K'Andre Miller is hit by Brad Marchand.
8:07 of 2nd period - Wrist shot by Ryan Suter.
8:07 of 2nd period - Shot Blocked by Owen Power.
8:09 of 2nd period - Slapshot by Ryan Suter.
8:09 of 2nd period - Shot Misses the Net.
9:18 of 2nd period - Brad Marchand is hit by Adam Fantilli and loses puck.
9:33 of 2nd period - Penalty to Josh Manson is over, Josh Manson is back on ice.
11:46 of 2nd period - Slapshot by Joseph Veleno.
11:46 of 2nd period - Stopped by Lukas Dostal with a rebound.
11:58 of 2nd period - Lane Hutson is hit by Jansen Harkins.
12:29 of 2nd period - Andrei Kuzmenko is hit by Brady Skjei and loses puck.
12:53 of 2nd period - Jansen Harkins is hit by Drew O'Connor and loses puck.
13:05 of 2nd period - Off-side.
13:06 of 2nd period - Joseph Veleno wins face-off versus Martin Necas in neutral zone.
13:46 of 2nd period - Arttu Hyry is hit by Logan Cooley and loses puck.
14:05 of 2nd period - Wrist shot by Jackson Blake.
14:05 of 2nd period - Deflect By Jansen Harkins.
14:05 of 2nd period - Stopped by Lukas Dostal with a rebound.
14:11 of 2nd period - Jansen Harkins is hit by Matt Duchene and loses puck.
14:30 of 2nd period - Wrist shot by Adam Fantilli.
14:30 of 2nd period - Shot Blocked by Owen Power.
14:32 of 2nd period - Wrist shot by Andrei Svechnikov.
14:32 of 2nd period - Stopped by Lukas Dostal with a rebound.
15:12 of 2nd period - Slapshot by Justin Hryckowian.
15:12 of 2nd period - Shot Blocked by Charlie McAvoy.
15:14 of 2nd period - Slapshot by Arttu Hyry.
15:14 of 2nd period - Shot Misses the Net.
15:24 of 2nd period - Slapshot by Charlie McAvoy.
15:24 of 2nd period - Stopped by Lukas Dostal without a rebound.
15:25 of 2nd period - Andrei Svechnikov wins face-off versus Juraj Slafkovsky in Montreal Canadiens zone.
15:30 of 2nd period - Slapshot by Andrei Kuzmenko.
15:30 of 2nd period - Stopped by Lukas Dostal with a rebound.
15:32 of 2nd period - Slapshot by Alexander Romanov.
15:32 of 2nd period - Deflect By Juraj Slafkovsky.
15:32 of 2nd period - Stopped by Lukas Dostal without a rebound.
15:33 of 2nd period - Macklin Celebrini wins face-off versus Adam Fantilli in Montreal Canadiens zone.
15:46 of 2nd period - Snap shot by Macklin Celebrini.
15:46 of 2nd period - Stopped by Victor Ostman with a rebound.
16:07 of 2nd period - Backhand shot by Logan Cooley.
16:07 of 2nd period - Stopped by Lukas Dostal with a rebound.
16:12 of 2nd period - Off-side.
16:13 of 2nd period - Jansen Harkins wins face-off versus Teddy Blueger in neutral zone.
16:16 of 2nd period - Snap shot by Jackson Blake.
16:16 of 2nd period - Shot Misses the Net.
16:21 of 2nd period - Off-side.
16:22 of 2nd period - Adam Fantilli wins face-off versus Teddy Blueger in neutral zone.
16:40 of 2nd period - Snap shot by Patrik Laine.
16:40 of 2nd period - Shot Blocked by Andrei Kuzmenko.
16:42 of 2nd period - Snap shot by Teddy Blueger.
16:42 of 2nd period - Stopped by Victor Ostman with a rebound.
16:44 of 2nd period - Slapshot by Owen Power.
16:44 of 2nd period - Stopped by Victor Ostman without a rebound.
16:45 of 2nd period - Evander Kane wins face-off versus Brad Marchand in Los Angeles Kings zone.
17:39 of 2nd period - Wrist shot by Adam Fantilli.
17:39 of 2nd period - Shot Blocked by Josh Manson.
18:17 of 2nd period - Snap shot by Logan Cooley.
18:17 of 2nd period - Stopped by Lukas Dostal with a rebound.
18:19 of 2nd period - Slapshot by Will Smith.
18:19 of 2nd period - Shot Blocked by Juraj Slafkovsky.
18:21 of 2nd period - Snap shot by Evander Kane.
18:21 of 2nd period - Shot Misses the Net.
18:23 of 2nd period - Slapshot by K'Andre Miller.
18:23 of 2nd period - Deflect By Will Smith.
18:23 of 2nd period - Stopped by Lukas Dostal with a rebound.
18:25 of 2nd period - Slapshot by K'Andre Miller.
18:25 of 2nd period - Stopped by Lukas Dostal without a rebound.
18:26 of 2nd period - Macklin Celebrini wins face-off versus Adam Fantilli in Montreal Canadiens zone.
18:26 of 2nd period - Macklin Celebrini is hit by Andrei Svechnikov.
18:36 of 2nd period - Slapshot by Andrei Svechnikov.
18:36 of 2nd period - Shot Misses the Net.
18:38 of 2nd period - Snap shot by Alexander Romanov.
18:38 of 2nd period - Stopped by Lukas Dostal without a rebound.
18:39 of 2nd period - Martin Necas wins face-off versus Adam Fantilli in Montreal Canadiens zone.
18:46 of 2nd period - Andrei Svechnikov is hit by Martin Necas and loses puck.
19:08 of 2nd period - Off-side.
19:09 of 2nd period - Matt Duchene wins face-off versus Jansen Harkins in neutral zone.
19:12 of 2nd period - Charlie McAvoy is hit by Juraj Slafkovsky and loses puck.
19:26 of 2nd period - Minor Penalty to Josh Manson for Hooking.
19:27 of 2nd period - Adam Fantilli wins face-off versus Teddy Blueger in Montreal Canadiens zone.
19:37 of 2nd period - Wrist shot by Adam Fantilli.
19:37 of 2nd period - Shot Misses the Net.
19:56 of 2nd period - Icing by Logan Cooley.
19:57 of 2nd period - Joseph Veleno wins face-off versus Ryan Poehling in Los Angeles Kings zone.
Goals for this period are 0 for Los Angeles Kings vs 2 for Montreal Canadiens.
Shots for this period are 13 for Los Angeles Kings vs 8 for Montreal Canadiens.
3rd period
0:01 of 3rd period - Joseph Veleno wins face-off versus Ryan Poehling in neutral zone.
0:04 of 3rd period - Wrist shot by Charlie McAvoy.
0:04 of 3rd period - Stopped by Lukas Dostal without a rebound.
0:05 of 3rd period - Joseph Veleno wins face-off versus Brad Marchand in Montreal Canadiens zone.
0:16 of 3rd period - Slapshot by Charlie McAvoy.
0:16 of 3rd period - Shot Blocked by Owen Power.
0:18 of 3rd period - Wrist shot by Joseph Veleno.
0:18 of 3rd period - Goal by Joseph Veleno - Los Angeles Kings : 1 - Montreal Canadiens : 3.
0:19 of 3rd period - Adam Fantilli wins face-off versus Macklin Celebrini in neutral zone.
0:32 of 3rd period - Slapshot by Macklin Celebrini.
0:32 of 3rd period - Shot Misses the Net.
0:34 of 3rd period - Slapshot by Martin Necas.
0:34 of 3rd period - Stopped by Victor Ostman without a rebound.
0:35 of 3rd period - Teddy Blueger wins face-off versus Logan Cooley in Los Angeles Kings zone.
1:01 of 3rd period - Minor Penalty to Juraj Slafkovsky for Interference.
1:02 of 3rd period - Ryan Poehling wins face-off versus Adam Fantilli in Montreal Canadiens zone.
1:40 of 3rd period - Ryan Poehling is hit by Jansen Harkins and loses puck.
2:59 of 3rd period - Wrist shot by Will Smith.
2:59 of 3rd period - Shot Misses the Net.
3:01 of 3rd period - Penalty to Juraj Slafkovsky is over, Juraj Slafkovsky is back on ice.
3:09 of 3rd period - Wrist shot by Evgeni Dadonov.
3:09 of 3rd period - Shot Misses the Net.
3:15 of 3rd period - Backhand shot by Justin Hryckowian.
3:15 of 3rd period - Shot Misses the Net.
3:17 of 3rd period - Wrist shot by Justin Hryckowian.
3:17 of 3rd period - Shot Misses the Net.
3:19 of 3rd period - Wrist shot by Evgeni Dadonov.
3:19 of 3rd period - Deflect By Arttu Hyry.
3:19 of 3rd period - Stopped by Victor Ostman without a rebound.
3:20 of 3rd period - Evander Kane wins face-off versus Justin Hryckowian in Los Angeles Kings zone.
3:25 of 3rd period - Snap shot by Evgeni Dadonov.
3:25 of 3rd period - Shot Misses the Net.
3:31 of 3rd period - Snap shot by Justin Hryckowian.
3:31 of 3rd period - Shot Blocked by Evander Kane.
3:33 of 3rd period - Snap shot by Evgeni Dadonov.
3:33 of 3rd period - Stopped by Victor Ostman with a rebound.
3:35 of 3rd period - Wrist shot by Evgeni Dadonov.
3:35 of 3rd period - Deflect By Logan Cooley.
3:35 of 3rd period - Shot Misses the Net.
3:35 of 3rd period - Puck is out of play.
3:36 of 3rd period - Adam Fantilli wins face-off versus Teddy Blueger in Los Angeles Kings zone.
3:46 of 3rd period - Snap shot by Adam Fantilli.
3:46 of 3rd period - Shot Blocked by Ilya Lyubushkin.
3:52 of 3rd period - K'Andre Miller is hit by Teddy Blueger and loses puck.
4:09 of 3rd period - Wrist shot by Matt Duchene.
4:09 of 3rd period - Shot Misses the Net.
4:11 of 3rd period - Slapshot by Brady Skjei.
4:11 of 3rd period - Stopped by Victor Ostman with a rebound.
4:52 of 3rd period - Wrist shot by Evgeni Dadonov.
4:52 of 3rd period - Shot Misses the Net.
5:04 of 3rd period - Brady Skjei is hit by Mikey Eyssimont and loses puck.
5:43 of 3rd period - Slapshot by Logan Cooley.
5:43 of 3rd period - Stopped by Lukas Dostal with a rebound.
6:10 of 3rd period - Snap shot by Evgeni Dadonov.
6:10 of 3rd period - Shot Blocked by Alexander Romanov.
6:42 of 3rd period - Logan Cooley is hit by Macklin Celebrini and loses puck.
7:01 of 3rd period - Andrei Kuzmenko is hit by Matt Duchene and loses puck.
7:24 of 3rd period - Evgeni Dadonov is hit by Mikey Eyssimont.
8:26 of 3rd period - Ryan Suter is hit by Josh Manson and loses puck.
8:48 of 3rd period - Arttu Hyry is hit by Joseph Veleno.
8:54 of 3rd period - Snap shot by Joseph Veleno.
8:54 of 3rd period - Stopped by Lukas Dostal without a rebound.
8:55 of 3rd period - Macklin Celebrini wins face-off versus Evander Kane in Montreal Canadiens zone.
9:17 of 3rd period - Icing by Charlie McAvoy.
9:18 of 3rd period - Matt Duchene wins face-off versus Evander Kane in Los Angeles Kings zone.
9:33 of 3rd period - Snap shot by Juraj Slafkovsky.
9:33 of 3rd period - Deflect By Matt Duchene.
9:33 of 3rd period - Stopped by Victor Ostman with a rebound.
9:47 of 3rd period - Ryan Suter is hit by Ryan Poehling and loses puck.
9:54 of 3rd period - Snap shot by Macklin Celebrini.
9:54 of 3rd period - Stopped by Victor Ostman with a rebound.
10:24 of 3rd period - Jackson Blake is hit by Patrik Laine and loses puck.
10:32 of 3rd period - Off-side.
10:33 of 3rd period - Macklin Celebrini wins face-off versus Adam Fantilli in neutral zone.
11:40 of 3rd period - Snap shot by Joseph Veleno.
11:40 of 3rd period - Stopped by Lukas Dostal without a rebound.
11:41 of 3rd period - Jansen Harkins wins face-off versus Teddy Blueger in Montreal Canadiens zone.
11:44 of 3rd period - Snap shot by Jansen Harkins.
11:44 of 3rd period - Stopped by Lukas Dostal with a rebound.
11:46 of 3rd period - Snap shot by Jackson Blake.
11:46 of 3rd period - Shot Misses the Net.
11:48 of 3rd period - Slapshot by Alexander Romanov.
11:48 of 3rd period - Shot Misses the Net.
11:50 of 3rd period - Snap shot by Vitali Kravtsov.
11:50 of 3rd period - Shot Misses the Net.
11:52 of 3rd period - Slapshot by Alexander Romanov.
11:52 of 3rd period - Stopped by Lukas Dostal without a rebound.
11:53 of 3rd period - Macklin Celebrini wins face-off versus Adam Fantilli in Montreal Canadiens zone.
12:15 of 3rd period - Icing by Andrei Svechnikov.
12:16 of 3rd period - Adam Fantilli wins face-off versus Matt Duchene in Los Angeles Kings zone.
12:41 of 3rd period - MacKenzie Weegar is hit by Ryan Poehling and loses puck.
12:59 of 3rd period - Off-side.
13:00 of 3rd period - Adam Fantilli wins face-off versus Teddy Blueger in neutral zone.
13:36 of 3rd period - Slapshot by Brad Marchand.
13:36 of 3rd period - Stopped by Victor Ostman without a rebound.
13:37 of 3rd period - Macklin Celebrini wins face-off versus Adam Fantilli in Los Angeles Kings zone.
13:38 of 3rd period - Snap shot by Martin Necas.
13:38 of 3rd period - Shot Blocked by Adam Fantilli.
13:44 of 3rd period - Slapshot by Martin Necas.
13:44 of 3rd period - Shot Misses the Net.
14:04 of 3rd period - Juraj Slafkovsky is hit by MacKenzie Weegar and loses puck.
14:15 of 3rd period - Snap shot by Will Smith.
14:15 of 3rd period - Goal by Will Smith - Los Angeles Kings : 2 - Montreal Canadiens : 3.
14:16 of 3rd period - Macklin Celebrini wins face-off versus Jansen Harkins in neutral zone.
14:19 of 3rd period - Slapshot by Macklin Celebrini.
14:19 of 3rd period - Goal by Macklin Celebrini - Los Angeles Kings : 2 - Montreal Canadiens : 4.
14:20 of 3rd period - Macklin Celebrini wins face-off versus Jansen Harkins in neutral zone.
14:23 of 3rd period - Wrist shot by Brady Skjei.
14:23 of 3rd period - Deflect By K'Andre Miller.
14:23 of 3rd period - Stopped by Victor Ostman without a rebound.
14:24 of 3rd period - Jackson Blake wins face-off versus Macklin Celebrini in Los Angeles Kings zone.
14:37 of 3rd period - Wrist shot by Jackson Blake.
14:37 of 3rd period - Stopped by Lukas Dostal with a rebound.
14:39 of 3rd period - Snap shot by Jansen Harkins.
14:39 of 3rd period - Stopped by Lukas Dostal without a rebound.
14:40 of 3rd period - Evander Kane wins face-off versus Juraj Slafkovsky in Montreal Canadiens zone.
14:41 of 3rd period - Snap shot by Logan Cooley.
14:41 of 3rd period - Stopped by Lukas Dostal with a rebound.
15:07 of 3rd period - Brady Skjei is hit by Jackson Blake and loses puck.
15:57 of 3rd period - Wrist shot by Lane Hutson.
15:57 of 3rd period - Stopped by Victor Ostman without a rebound.
15:58 of 3rd period - Jansen Harkins wins face-off versus Teddy Blueger in Los Angeles Kings zone.
15:58 of 3rd period - Jansen Harkins is hit by Patrik Laine.
16:01 of 3rd period - Minor Penalty to Vitali Kravtsov for Hooking.
16:02 of 3rd period - Logan Cooley wins face-off versus Martin Necas in Los Angeles Kings zone.
16:10 of 3rd period - Snap shot by Martin Necas.
16:10 of 3rd period - Shot Misses the Net.
16:12 of 3rd period - Snap shot by Patrik Laine.
16:12 of 3rd period - Deflect By Juraj Slafkovsky.
16:12 of 3rd period - Stopped by Victor Ostman with a rebound.
16:14 of 3rd period - Slapshot by Damon Severson.
16:14 of 3rd period - Stopped by Victor Ostman with a rebound.
17:09 of 3rd period - Icing by Juraj Slafkovsky.
17:10 of 3rd period - Adam Fantilli wins face-off versus Macklin Celebrini in Montreal Canadiens zone.
17:13 of 3rd period - Snap shot by Jansen Harkins.
17:13 of 3rd period - Stopped by Lukas Dostal without a rebound.
17:14 of 3rd period - Adam Fantilli wins face-off versus Macklin Celebrini in Montreal Canadiens zone.
17:29 of 3rd period - Wrist shot by Brad Marchand.
17:29 of 3rd period - Shot Misses the Net.
17:47 of 3rd period - Damon Severson is hit by Andrei Svechnikov and loses puck.
18:01 of 3rd period - Penalty to Vitali Kravtsov is over, Vitali Kravtsov is back on ice.
18:08 of 3rd period - Wrist shot by Jansen Harkins.
18:08 of 3rd period - Stopped by Lukas Dostal without a rebound.
18:09 of 3rd period - Joseph Veleno wins face-off versus Justin Hryckowian in Montreal Canadiens zone.
18:14 of 3rd period - Wrist shot by Mikey Eyssimont.
18:14 of 3rd period - Shot Misses the Net.
18:16 of 3rd period - Wrist shot by Mikey Eyssimont.
18:16 of 3rd period - Stopped by Lukas Dostal without a rebound.
18:17 of 3rd period - Joseph Veleno wins face-off versus Justin Hryckowian in Montreal Canadiens zone.
18:18 of 3rd period - Slapshot by MacKenzie Weegar.
18:18 of 3rd period - Stopped by Lukas Dostal without a rebound.
18:19 of 3rd period - Joseph Veleno wins face-off versus Arttu Hyry in Montreal Canadiens zone.
18:20 of 3rd period - Slapshot by MacKenzie Weegar.
18:20 of 3rd period - Shot Blocked by Evgeni Dadonov.
18:22 of 3rd period - Wrist shot by Joseph Veleno.
18:22 of 3rd period - Shot Misses the Net.
18:24 of 3rd period - Snap shot by Joseph Veleno.
18:24 of 3rd period - Deflect By Mikey Eyssimont.
18:24 of 3rd period - Stopped by Lukas Dostal with a rebound.
18:26 of 3rd period - Slapshot by Cooper Marody.
18:26 of 3rd period - Shot Blocked by Josh Manson.
18:28 of 3rd period - Slapshot by K'Andre Miller.
18:28 of 3rd period - Deflect By Arttu Hyry.
18:28 of 3rd period - Stopped by Lukas Dostal with a rebound.
18:34 of 3rd period - Slapshot by Joseph Veleno.
18:34 of 3rd period - Stopped by Lukas Dostal with a rebound.
18:36 of 3rd period - Wrist shot by Cooper Marody.
18:36 of 3rd period - Stopped by Lukas Dostal without a rebound.
18:37 of 3rd period - Teddy Blueger wins face-off versus Jansen Harkins in Montreal Canadiens zone.
18:56 of 3rd period - Icing by Teddy Blueger.
18:57 of 3rd period - Joseph Veleno wins face-off versus Teddy Blueger in Montreal Canadiens zone.
19:09 of 3rd period - Snap shot by Cooper Marody.
19:09 of 3rd period - Shot Misses the Net.
19:11 of 3rd period - Snap shot by Mikey Eyssimont.
19:11 of 3rd period - Shot Misses the Net.
19:13 of 3rd period - Wrist shot by Mikey Eyssimont.
19:13 of 3rd period - Goal by Mikey Eyssimont - Los Angeles Kings : 3 - Montreal Canadiens : 4.
19:14 of 3rd period - Teddy Blueger wins face-off versus Evander Kane in neutral zone.
19:25 of 3rd period - Los Angeles Kings, Victor Ostman is pulled from the net.
19:25 of 3rd period - Wrist shot by K'Andre Miller.
19:25 of 3rd period - Stopped by Lukas Dostal with a rebound.
19:27 of 3rd period - Backhand shot by MacKenzie Weegar.
19:27 of 3rd period - Shot Blocked by Drew O'Connor.
19:29 of 3rd period - Snap shot by Will Smith.
19:29 of 3rd period - Shot Blocked by Owen Power.
19:31 of 3rd period - Backhand shot by Will Smith.
19:31 of 3rd period - Stopped by Lukas Dostal with a rebound.
19:37 of 3rd period - Slapshot by Logan Cooley.
19:37 of 3rd period - Shot Misses the Net.
19:43 of 3rd period - Snap shot by Will Smith.
19:43 of 3rd period - Deflect By Logan Cooley.
19:43 of 3rd period - Stopped by Lukas Dostal with a rebound.
Goals for this period are 3 for Los Angeles Kings vs 1 for Montreal Canadiens.
Shots for this period are 23 for Los Angeles Kings vs 12 for Montreal Canadiens.
Back to the Top